 Dungeon Crawl Stone Soup version 0.31.0-11-ge490571c62 (webtiles) character file.

Game seed: 16581896424229919977

609 raph the Firebug (level 7, -1/39 HPs)
             Began as a Deep Elf Fire Elementalist on Feb 2, 2024.
             Slain by a vampire mosquito (4 damage)
             ... on level 5 of the Dungeon.
             The game lasted 00:07:34 (5511 turns).

raph the Firebug (Deep Elf Fire Elementalist)       Turns: 5511, Time: 00:07:34

Health: -1/39      AC:  4    Str:  5    XL:     7   Next: 19%
Magic:  3/16       EV: 13    Int: 22    God:
Gold:   283        SH:  0    Dex: 15    Spells: 2/15 levels left

rFire   + . .        f - +3 dagger (protect)
rCold   + . .        (no shield)
rNeg    . . .        a - +0 robe
rPois   .            (no helmet)
rElec   .            (no cloak)
rCorr   .            m - +1 pair of gloves
SInv    .            (no boots)
Will    .....        t - amulet of regeneration
Stlth   ++           g - ring of protection from cold
HPRegen 1.06/turn    k - ring of protection from fire
MPRegen 0.15/turn

%: no passive effects
@: about to teleport, very slightly contaminated
A: no striking features
a: no special abilities


You were on level 5 of the Dungeon.
You visited 1 branch of the dungeon, and saw 5 of its levels.

You collected 283 gold pieces.

Inventory:

Hand Weapons
 f - a +3 dagger of protection (weapon)
 n - a +0 rapier
Missiles
 l - a throwing net
Armour
 a - a +0 robe (worn)
 m - a +1 pair of gloves (worn)
Jewellery
 d - a ring of flight
 g - a ring of protection from cold (left hand)
 k - a ring of protection from fire (right hand)
 t - an amulet of regeneration (around neck)
Wands
 o - a wand of iceblast (11)
Scrolls
 b - 3 scrolls of fear
 e - 4 scrolls of teleportation
 i - a scroll of fog
 j - a scroll of enchant weapon
Potions
 c - a potion of lignification
 h - 4 potions of mutation
 p - a potion of haste
 q - a potion of attraction
 r - a potion of enlightenment {unknown}
 v - 3 potions of curing
 w - a potion of ambrosia


   Skills:
 + Level 1.7 Fighting
 + Level 4.3 Dodging
 - Level 3.1 Stealth
 + Level 4.8 Spellcasting
 * Level 4.4 Conjurations
 * Level 5.5 Fire Magic


You had 2 spell levels left.
You knew the following spells:

 Your Spells              Type           Power      Damage    Failure   Level
a - Foxfire               Conj/Fire      100%       2x1d9     1%          1
b - Scorch                Fire           58%        2d7       1%          2
c - Inner Flame           Hex/Fire       17%        N/A       10%         3
d - Volatile Blastmotes   Fire/Tloc      34%        2d12      10%         3
e - Flame Wave            Conj/Fire      27%        2d9       13%         4

Your spell library contained the following spells:

 Spells                   Type           Power      Damage    Failure   Level
 Ensorcelled Hibernation  Hex/Ice        10%        N/A       16%         2
 Passwall                 Erth           5%         N/A       30%         3
 Swiftness                Air            5%         N/A       30%         3


Dungeon Overview and Level Annotations

Branches:
Dungeon (5/15)
 Temple: D:4-7

Altars:
Hepliaklqana
Wu Jian
The Shining One


Message History

The vampire mosquito draws strength from your injuries!
The vampire mosquito barely misses you.
The vampire mosquito closely misses you.
The vampire mosquito misses you. The vampire mosquito barely misses you.
Casting: Flame Wave (quite dangerous; 13% risk of failure)
Confirm with . or Enter, or press ? or * to list all spells.
Casting: Flame Wave (quite dangerous; 13% risk of failure)
Press: ? - help, Dir - look around, f - activate A wave of flame ripples out!
The flame wave engulfs the vampire mosquito!
The vampire mosquito is moderately damaged.
The flame wave engulfs the vampire mosquito!
The vampire mosquito is heavily damaged.
The flame wave engulfs the vampire mosquito!
The vampire mosquito is burned terribly!
The vampire mosquito is severely damaged. (Press . to intensify the flame waves.)
The vampire mosquito is no longer more vulnerable to fire.
The vampire mosquito barely misses you.
The vampire mosquito bites you but does no damage.
The vampire mosquito misses you.
The vampire mosquito bites you but does no damage.
The vampire mosquito bites you!
* * * LOW HITPOINT WARNING * * *
The vampire mosquito draws strength from your injuries!
The vampire mosquito bites you.
* * * LOW HITPOINT WARNING * * *
The vampire mosquito draws strength from your injuries!
A wave of flame ripples out!
The flame wave engulfs the vampire mosquito!
The vampire mosquito is severely damaged.
The flame wave engulfs the vampire mosquito!
The vampire mosquito is almost destroyed.
The flame wave engulfs the vampire mosquito!
The vampire mosquito is almost destroyed.
You hear an angry hiss.
The vampire mosquito barely misses you.
The vampire mosquito bites you but does no damage.
The vampire mosquito bites you.
You die...

.. #....##.#######....#
..........###.....##
#...## .........
##.....#.....# ........#
#...........##
........###
##†...#.##.##
..........# #.....#.####
..........##..#...# #
.........y....#...######
.........y@...#..##....#
.....B#..y....#.###....#
..... #..##...#.#.#...##
.... ##.#............#
.B# ###...........## y
##....#....##
#...###..## ##.## ####
###


You could see 3 vampire mosquitoes and a bombardier beetle.

Vanquished Creatures
  A water moccasin (D:5)
  An ice beast (D:5)
  A phantom (D:5)
  A scorpion (D:5)
  2 bombardier beetles
  An orc priest (D:3)
  A hound (D:5)
  6 adders
  A white imp (D:5)
  2 dart slugs
  3 ribbon worms
  15 orcs
  4 ball pythons
  5 bats
  5 endoplasms
  2 giant cockroaches
  7 goblins
  8 hobgoblins
  4 jackals (D:1)
  2 quokkas
  4 frilled lizards
  9 kobolds
  2 rats
87 creatures vanquished.

Vanquished Creatures (others)
  260 foxfires
260 creatures vanquished.

Grand Total: 347 creatures vanquished

Notes
Turn   | Place    | Note
-------+----------+-------------------------------------------
     0 | D:1      | raph the Deep Elf Fire Elementalist began the quest for the
                  | Orb.
     0 | D:1      | Reached XP level 1. HP: 10/10 MP: 6/6
   226 | D:1      | Reached XP level 2. HP: 15/15 MP: 2/8
   229 | D:1      | Learned a level 2 spell: Scorch
  1340 | D:2      | Reached XP level 3. HP: 19/19 MP: 6/9
  1527 | D:2      | Learned a level 3 spell: Inner Flame
  2509 | D:3      | Learned a level 3 spell: Volatile Blastmotes
  2548 | D:3      | Reached XP level 4. HP: 24/24 MP: 3/11
  2553 | D:3      | Reached skill level 4 in Fire Magic
  3510 | D:4      | Reached XP level 5. HP: 22/28 MP: 0/12
  4511 | D:4      | Found an ornate altar of the Wu Jian Council.
  4511 | D:4      | Found a glowing golden altar of the Shining One.
  4511 | D:4      | Found a hazy altar of Hepliaklqana.
  4885 | D:5      | Entered Level 5 of the Dungeon
  4924 | D:5      | Reached skill level 1 in Fighting
  5041 | D:5      | Noticed a water moccasin
  5045 | D:5      | Killed a water moccasin
  5046 | D:5      | Reached skill level 5 in Fire Magic
  5046 | D:5      | Reached XP level 6. HP: 34/34 MP: 8/14
  5105 | D:5      | Noticed an ice beast
  5113 | D:5      | Killed an ice beast
  5366 | D:5      | Reached XP level 7. HP: 39/39 MP: 7/16
  5467 | D:5      | Learned a level 4 spell: Flame Wave
  5501 | D:5      | Noticed a vampire mosquito
  5501 | D:5      | Noticed a vampire mosquito
  5505 | D:5      | Noticed a vampire mosquito
  5511 | D:5      | Slain by a vampire mosquito

Illustrated notes

Levels and vault maps discovered:
D:1:      tarquinn_simple_flora_water_c, layout_rooms
D:2:      layout_rooms, st_stairs_10
D:3:      layout_basic
D:4:      layout_loops_cross, chequers_temple_overflow_statue_of_worship,
          cheibrodos_sewer_entry_bend
D:5:      layout_cave_pools, minmay_temple_entry_poolview

Skill      XL: |  1  2  3  4  5  6 |
---------------+-------------------+-----
Conjurations   | 2 3 4 |  4.4
Stealth        | 3 |  3.1
Dodging        | 3 4 |  4.3
Fire Magic     | 4 5 |  5.5
Spellcasting   | 4 |  4.8
Fighting       | 1 |  1.7

Action                     |  1- 3 |  4- 6 |  7- 9 || total
---------------------------+-------+-------+-------++-------
  Melee: Dagger            |     2 |     1 |       ||     3
   Cast: Foxfire           |    78 |    70 |     5 ||   153
         Scorch            |    20 |    31 |     2 ||    53
         Inner Flame       |     1 |     2 |       ||     3
         Flame Wave        |       |       |     1 ||     1
    Use: Scroll            |     1 |    16 |     1 ||    18
         Potion            |       |     1 |       ||     1
 Armour: Robe              |     5 |    11 |    12 ||    28
  Dodge: Dodged            |    15 |    19 |    11 ||    45
